 Dungeon Crawl Stone Soup version 0.24.0-1-gfbc8707122 (webtiles) character file.

Game seed: 7490258273932728056, levelgen mode: deterministic

63 Heliosone the Ducker (level 3, -7/28 HPs)
             Began as a Demonspawn Gladiator on Oct 26, 2019.
             Killed from afar by an orc wizard (13 damage)
             ... with a puff of flame
             ... on level 2 of the Dungeon.
             The game lasted 00:02:13 (2143 turns).

Heliosone the Ducker (Demonspawn Gladiator)         Turns: 2143, Time: 00:02:14

Health: -7/28      AC:  4    Str: 15    XL:     3   Next: 89%
Magic:  3/3        EV: 13    Int:  9    God:
Gold:   178        SH:  0    Dex: 14    Spells: 2/2 levels left

rFire    x . .     SeeInvis .   a - +0 trident
rCold    + . .     Gourm    .   (no shield)
rNeg     . . .     Faith    .   b - +0 leather armour
rPois    .         Spirit   .   c - +0 helmet
rElec    .         Reflect  .   (no cloak)
rCorr    .         Harm     .   (no gloves)
MR       .....                  (no boots)
Stlth    +.........             (no amulet)
HPRegen  0.09/turn              q - ring of ice
MPRegen  0.08/turn              (no ring)

@: no status effects
A: rot immunity
a: no special abilities


You were on level 2 of the Dungeon.
You were near starving.

You visited 1 branch of the dungeon, and saw 3 of its levels.

You collected 178 gold pieces.

Inventory:

Hand Weapons
 a - a +0 trident (weapon)
Missiles
 d - 3 throwing nets (quivered)
Armour
 b - a +0 leather armour (worn)
 c - a +0 helmet (worn)
Jewellery
 q - a ring of ice (left hand)
 r - an uncursed ring of resist corrosion {unknown}
 s - a +1 ring of evasion {unknown}
Wands
 o - a wand of flame (18)
Scrolls
 e - a scroll of noise {unknown}
 g - a scroll of enchant armour {unknown}
 h - 2 scrolls of identify {unknown}
 k - a scroll of enchant weapon {unknown}
 l - a scroll of fog {unknown}
 n - a scroll of immolation {unknown}
Potions
 i - a potion of mutation {unknown}
 j - a potion of haste {unknown}
 m - 2 potions of curing {unknown}
 p - a potion of ambrosia {unknown}
Comestibles
 f - 4 rations


   Skills:
 + Level 2.9 Fighting
 - Level 2.6 Polearms
 - Level 1.7 Throwing
 + Level 1.6 Armour
 + Level 3.3 Dodging


You had 2 spell levels left.
You didn't know any spells.
Your spell library was empty.

Dungeon Overview and Level Annotations

Branches:
Dungeon (3/15)

Altars:


Innate Abilities, Weirdness & Mutations

You are immune to rotting.


Message History

The magic dart hits you.
* * * LOW HITPOINT WARNING * * *
The orc hits you with a +0 mace.
* * * LOW HITPOINT WARNING * * *
You hit the orc wizard.
The orc wizard is heavily wounded.
The orc wizard hits you but does no damage.
The orc completely misses you.
You closely miss the orc wizard.
The orc wizard is heavily wounded.
The orc wizard misses you.
You closely miss the orc wizard.
The orc wizard is heavily wounded.
The orc completely misses you. The orc wizard barely misses you.
You closely miss the orc wizard.
The orc wizard is heavily wounded.
The orc misses you.
The orc wizard gestures at you while chanting.
The puff of flame hits you! The fire burns you terribly!
You die...

##########
.........#
########.# #.#
###.### #.....#
##.....#######
##..........o.#
##.......#####@#
##........# #o#
##.........# #.#
##........## #.#
##.#.....##
#.########
##.##...##
#........#
..#....##
########.#
##.##### #.#
##.# #.#


You could see an orc wizard and an orc.

Vanquished Creatures
  An adder (D:2)
  2 oozes
  A worm (D:2)
  A dart slug (D:1)
  2 leopard geckos (D:2)
  A ball python (D:2)
  4 bats
  2 giant cockroaches
  6 hobgoblins
  A quokka (D:2)
  2 frilled lizards
  5 goblins
  5 kobolds
  5 rats (D:1)
38 creatures vanquished.

Notes
Turn   | Place    | Note
-------+----------+-------------------------------------------
     0 | D:1      | Heliosone the Demonspawn Gladiator began the quest for the
                  | Orb.
     0 | D:1      | Reached XP level 1. HP: 16/16 MP: 1/1
   359 | D:1      | Gained mutation: You are immune to rotting. [demonic
                  | ancestry]
   359 | D:1      | Reached XP level 2. HP: 22/22 MP: 2/2
   508 | D:1      | Reached skill level 3 in Dodging
   527 | D:1      | Reached skill level 1 in Armour
   843 | D:1      | Reached XP level 3. HP: 28/28 MP: 3/3
  2143 | D:2      | Killed from afar by an orc wizard

Levels and vault maps discovered:
D:1:      wander_arrival_desolate, layout_basic, hangedman_decor_push,
          st_stairs_7
D:2:      layout_loops_ring
D:3:      layout_loops_cross, lemuel_crystal_altar, skrybe_limestone_x,
          kennysheep_path_1

Skill      XL: |  1  2 |
---------------+-------+-----
Dodging        | 3 |  3.3
Armour         | 1 |  1.6
Fighting       | |  2.9
Polearms       | |  2.6
Throwing       | |  1.7

Action                   || total
-------------------------++-------
Melee: Trident           ||   153
 Stab: Sleeping          ||     1
  Eat: Chunk             ||     2
Armor: Leather armour    ||    42
Dodge: Dodged            ||   102
